 Dungeon Crawl Stone Soup version 0.17-a0-1769-g54adf96 (webtiles) character file.

526 ololoev the Charmwright (level 7, 46/55 HPs)
             Began as a Purple Draconian Skald on Sept 7, 2015.
             Was a Follower of Okawaru.
             Quit the game on level 5 of the Dungeon.
             The game lasted 00:09:51 (4913 turns).

ololoev the Charmwright (Purple Draconian Skald)    Turns: 4913, Time: 00:09:51

Health: 46/55      AC:  9    Str: 14    XL:     7   Next: 2%
Magic:  12/12      EV: 12    Int: 12    God:    Okawaru [*.....]
Gold:   115        SH:  0    Dex: 13    Spells: 4 memorised, 4 levels left

rFire  . . .     SeeInvis .     r - +0 mace (drain)
rCold  . . .     Clarity  .     (armour unavailable)
rNeg   . . .     SustAt   .     (no shield)
rPois  .         Gourm    .     a - +2 hat
rElec  .         Spirit   .     (no cloak)
rCorr  .         Warding  .     (no gloves)
rMut   .         Stasis   .     e - +0 pair of boots
MR     +....                    (no amulet)
Stlth  +.........               (no ring)
                                (no ring)

@: somewhat resistant to hostile enchantments, very unstealthy
A: breathe power, unfitting armour, cold-blooded, AC +6
a: Breathe Dispelling Energy, Heroism, Renounce Religion


Innate Abilities, Weirdness & Mutations

You can breathe bolts of dispelling energy.
Your rich purple scales are hard (AC +6).
Your body does not fit into most forms of armour.
You are cold-blooded and may be slowed by cold attacks.

Inventory:

Hand weapons
 r - a +0 mace of draining (weapon)
Armour
 a - a +2 hat (worn)
 e - a +0 pair of boots (worn)
Jewellery
 n - an uncursed ring of teleportation
Scrolls
 c - a scroll of immolation
 f - 3 scrolls of recharging
 p - a scroll of teleportation
Potions
 d - a potion of flight
 g - 2 potions of berserk rage
 h - 2 potions of resistance
 i - 2 potions of agility
 l - 2 potions of brilliance
 o - 3 potions of might
 t - 2 potions of curing {unknown}
Books
 b - a book of Battle

   Spells                             Type                      Level
   a - Infusion                       Charms                       1
   b - Shroud of Golubria             Charms/Translocation         2
   c - Song of Slaying                Charms                       2
   d - Spectral Weapon                Hexes/Charms                 3
   e - Regeneration                   Charms/Necromancy            3
Comestibles
 j - 2 meat rations
 k - 3 chunks of flesh
 m - a slice of pizza
 q - 2 fruits
 s - 2 bread rations


   Skills:
 - Level 2.1 Fighting
 * Level 4.9 Maces & Flails
 - Level 1.3 Dodging
 + Level 3.9 Spellcasting
 + Level 1.3 Hexes
 * Level 6.0 Charms
 + Level 1.2 Necromancy


You had 4 spell levels left.
You knew the following spells:

 Your Spells              Type           Power        Failure   Level  Hunger
a - Infusion              Chrm           ###...       1%          1    #......
b - Song of Slaying       Chrm           ###.....     2%          2    ##.....
c - Regeneration          Chrm/Necr      ##........   17%         3    ###....
d - Spectral Weapon       Hex/Chrm       ##......     17%         3    ###....


You were on level 5 of the Dungeon.
You worshipped Okawaru.
Okawaru was aware of your devotion.
You were not hungry.

You visited 1 branch of the dungeon, and saw 5 of its levels.

You collected 115 gold pieces.

# # # ## # ..# # #.#
## #.###.# #.
#...@#####.#..######.
#####..$.............
#..#.###.###[#...
#..# ..... #...
#.)###.#.#.###.#.
#..............#.
#..###.#.#.###.##
#..#...#.#...#.##
#..#.###.###.#.#.

Notes
Turn   | Place    | Note
--------------------------------------------------------------
     0 | D:1      | ololoev the Draconian Skald began the quest for the Orb.
     0 | D:1      | Reached XP level 1. HP: 17/17 MP: 3/3
   112 | D:1      | Reached XP level 2. HP: 19/24 MP: 5/5
   191 | D:1      | Reached skill level 3 in Charms
   398 | D:1      | Learned a level 2 spell: Song of Slaying
  1083 | D:2      | Reached XP level 3. HP: 29/29 MP: 6/6
  1091 | D:2      | Found a burning altar of Makhleb.
  1097 | D:2      | Found a shadowy altar of Dithmenos.
  1156 | D:2      | Noticed Terence
  1175 | D:2      | Killed Terence
  1366 | D:2      | Noticed Jessica
  1533 | D:2      | Found a deep blue altar of Sif Muna.
  1536 | D:2      | Found a blossoming altar of Fedhas.
  1537 | D:2      | Found an ancient bone altar of Kikubaaqudgha.
  1585 | D:2      | Reached XP level 4. HP: 31/36 MP: 2/7
  1761 | D:2      | Killed Jessica
  2576 | D:3      | Reached skill level 4 in Charms
  2584 | D:3      | Reached XP level 5. HP: 33/41 MP: 0/8
  3757 | D:4      | Found an iron altar of Okawaru.
  3760 | D:4      | Became a worshipper of Warmaster Okawaru
  3846 | D:4      | Learned a level 3 spell: Regeneration
  3850 | D:4      | Learned a level 3 spell: Spectral Weapon
  3951 | D:4      | Reached XP level 6. HP: 45/48 MP: 10/10
  4534 | D:5      | Entered Level 5 of the Dungeon
  4821 | D:5      | Acquired Okawaru's first power
  4821 | D:5      | Reached skill level 1 in Hexes
  4821 | D:5      | Reached skill level 1 in Necromancy
  4908 | D:5      | Reached skill level 5 in Charms
  4908 | D:5      | Reached skill level 6 in Charms
  4908 | D:5      | Your scales start taking on a rich purple colour.
  4908 | D:5      | Reached XP level 7. HP: 45/55 MP: 12/12
  4913 | D:5      | Quit the game

Dungeon Overview and Level Annotations

Branches:
Dungeon (5/15)
 Temple: D:4-7

Altars:
Dithmenos
Fedhas
Kikubaaqudgha
Makhleb
Okawaru
Sif Muna


Message History

You tail-slap the orc wizard.
The orc wizard is heavily wounded.
The orc wizard points at you and mumbles some strange words.
The puff of frost hits you!
You hit the orc wizard but do no damage.
You tail-slap the orc wizard.
The orc wizard is heavily wounded.
The orc wizard hits you but does no damage.
You barely miss the orc wizard.
The orc wizard is heavily wounded.
The orc wizard hits you but does no damage.
You hit the orc wizard but do no damage.
Your tail-slap misses the orc wizard.
The orc wizard is heavily wounded.
The orc wizard misses you.
You hit the orc wizard.
The orc wizard is heavily wounded.
The orc wizard hits you but does no damage. x2
You sock the orc wizard! You drain the orc wizard!
You kill the orc wizard!
Okawaru accepts your kill.
Your Charms skill increases to level 5!
You have reached level 7!
Your Charms skill increases to level 6!
Your scales start taking on a rich purple colour.
You hit the orc. You drain the orc!
The orc is severely wounded.
The orc closely misses you.
You hit the orc.
You kill the orc!
Okawaru accepts your kill.
You hit the orc. You drain the orc!
You kill the orc!
Okawaru accepts your kill.
No target in view!
No target in view!
Items here: )) [[[ a ring mail; a mace; a ring mail; a dagger; a robe There isn't anything to butcher here.
Are you sure you want to abandon this character and quit the game? (Confirm with "yes".)

There were no monsters in sight!

Vanquished Creatures
  A big kobold (D:4)
  A water moccasin skeleton (D:5)
  A crimson imp (D:5)
  A hound (D:4)
  3 orc wizards
  Jessica (D:2)
  Terence (D:2)
  2 worker ants
  3 adders
  2 gnolls
  An ooze (D:3)
  6 worms
  11 orcs
  7 giant cockroaches
  5 goblins
  14 hobgoblins
  7 kobolds
  A quokka (D:4)
  4 bats
  A giant gecko (D:4)
  A giant gecko skeleton (D:5)
  7 giant newts
  A jackal zombie (D:5)
  8 rats
90 creatures vanquished.

Action                   |  1- 3 |  4- 6 |  7- 9 || total
-------------------------+-------+-------+-------++-------
Melee: Mace              |    64 |   110 |     3 ||   177
       Whip              |    35 |    46 |       ||    81
       Quarterstaff      |       |   128 |       ||   128
 Cast: Infusion          |     4 |     5 |       ||     9
       Song of Slaying   |     2 |     7 |       ||     9
  Use: Scroll            |       |    11 |       ||    11
 Stab: Distracted        |     1 |     1 |       ||     2
       Sleeping          |       |     3 |       ||     3
  Eat: Chunk             |     2 |     6 |       ||     8
       Bread ration      |       |     1 |       ||     1
       Beef jerky        |       |     1 |       ||     1

Vault maps used:
D:1:      grunt_arrival_crossed_arrows, minmay_misc_feat_columns
D:2:      bloody_makhleb, lemuel_crystal_altar, grunt_temple_overflow_diamond,
          uniq_terence, uniq_jessica
D:3:      moated_statue, st_stairs_11
D:4:      kennysheep_mini_moat, first_bread
D:5:      roderic_serpentine_path, minmay_misc_feat_roman, lemuel_tele_altar
